[ AOE2 MATCH · #505490359 ]
UnrankedMalay vs Lithuanians
Player's team · LOSS
[ REPLAY ANALYSIS · EXTRACTED FROM THE RECORDED GAME ]
Feudal
9:52
Castle
20:28
Imperial
—
| APM avg | 31.2 |
| APM peak | 71 |
| eAPM avg | 17.1 |
| Villagers / military | 69 / 32 |
Focus
⚔️ 23.8% · 🌾 76.2%
Archer ×19 · Monk ×4 · Spearman ×3 · Battering Ram ×3 · Scorpion ×2 · Mangonel ×1
Feudal
8:57
Castle
24:48
Imperial
—
| APM avg | 47.2 |
| APM peak | 64 |
| eAPM avg | 23.5 |
| Villagers / military | 69 / 46 |
Focus
⚔️ 30.1% · 🌾 69.9%
Knight ×17 · Archer ×11 · Skirmisher ×11 · Scout Cavalry ×4 · Monk ×2 · Spearman ×1
Match map
Initial resources + every placement click. Lines = walls · curves = elevation contours. ◆ gold · ⬟ stone · ● berries · ✦ relic · ◌ wall gap
Your base· Open — unwalled flank
Rhil98's base· Open — unwalled flank
Smoothed initial terrain · ◌ = detected wall gap · hover for details
Inputs per minute
— TheMangledBadger - - Rhil98
Build order — TheMangledBadger
First 150 of 206 actions detected
| 0:00 | Create | Villager (Male) |
| 0:01 | Create | Villager (Male) |
| 0:03 | Build | House |
| 0:06 | Research | Loom |
| 0:11 | Build | House |
| 0:39 | Create | Villager (Male) |
| 0:39 | Create | Villager (Male) |
| 0:40 | Create | Villager (Male) |
| 1:25 | Create | Villager (Male) |
| 1:25 | Create | Villager (Male) |
| 1:34 | Create | Villager (Male) |
| 1:51 | Build | Lumber Camp |
| 2:21 | Create | Villager (Male) |
| 2:21 | Create | Villager (Male) |
| 3:01 | Build | House |
| 3:04 | Build | House |
| 3:08 | Create | Villager (Male) |
| 4:18 | Build | Mill |
| 4:23 | Create | Villager (Male) |
| 4:23 | Create | Villager (Male) |
| 4:33 | Create | Villager (Male) |
| 4:51 | Create | Villager (Male) |
| 4:57 | Build | House |
| 5:03 | Create | Villager (Male) |
| 5:41 | Build | Mill |
| 5:55 | Create | Villager (Male) |
| 5:55 | Create | Villager (Male) |
| 6:22 | Build | House |
| 7:09 | Build | Palisade Gate |
| 7:11 | Build | House |
| 7:14 | Build | Palisade Wall |
| 7:18 | Create | Villager (Male) |
| 7:40 | Create | Villager (Male) |
| 7:45 | Create | Villager (Male) |
| 7:45 | Create | Villager (Male) |
| 8:08 | Research | Feudal Age |
| 8:11 | Build | Mining Camp |
| 9:07 | Build | Palisade Wall |
| 9:10 | Build | Palisade Wall |
| 9:42 | Create | Villager (Male) |
| 9:43 | Create | Villager (Male) |
| 9:47 | Build | Barracks |
| 9:52 | Age | Feudal Age |
| 10:04 | Build | House |
| 10:20 | Research | Double-Bit Axe |
| 10:31 | Build | Archery Range |
| 10:43 | Create | Villager (Male) |
| 10:44 | Create | Villager (Male) |
| 10:51 | Create | Spearman |
| 11:10 | Create | Villager (Male) |
| 11:19 | Build | Market |
| 11:21 | Build | Blacksmith |
| 11:33 | Create | Villager (Male) |
| 11:38 | Build | Farm |
| 11:39 | Build | Farm |
| 11:43 | Research | Double-Bit Axe |
| 11:49 | Create | Archer |
| 11:51 | Build | House |
| 11:53 | Create | Archer |
| 11:57 | Create | Spearman |
| 12:11 | Create | Villager (Male) |
| 12:14 | Build | House |
| 12:17 | Build | Farm |
| 12:27 | Create | Villager (Male) |
| 12:29 | Build | House |
| 12:31 | Create | Archer |
| 12:36 | Research | Fletching |
| 12:41 | Build | Farm |
| 12:53 | Create | Villager (Male) |
| 12:56 | Build | Farm |
| 12:59 | Build | House |
| 13:08 | Create | Archer |
| 13:14 | Create | Spearman |
| 13:17 | Build | House |
| 13:20 | Build | Farm |
| 13:24 | Create | Archer |
| 13:29 | Build | House |
| 13:37 | Create | Villager (Male) |
| 13:42 | Research | Horse Collar |
| 13:53 | Build | Farm |
| 13:56 | Create | Villager (Male) |
| 13:58 | Build | Farm |
| 14:27 | Create | Villager (Male) |
| 14:30 | Build | Archery Range |
| 14:37 | Create | Villager (Male) |
| 14:41 | Create | Archer |
| 14:57 | Create | Villager (Male) |
| 15:00 | Build | Lumber Camp |
| 15:14 | Build | Farm |
| 15:14 | Build | Farm |
| 15:25 | Create | Archer |
| 15:40 | Create | Villager (Male) |
| 15:46 | Build | Farm |
| 15:49 | Build | Farm |
| 15:50 | Build | Farm |
| 16:00 | Build | House |
| 16:01 | Create | Archer |
| 16:01 | Create | Archer |
| 16:09 | Create | Villager (Male) |
| 16:09 | Create | Villager (Male) |
| 16:19 | Build | Farm |
| 16:44 | Build | Lumber Camp |
| 16:53 | Build | House |
| 16:53 | Create | Archer |
| 16:54 | Create | Archer |
| 17:06 | Create | Villager (Male) |
| 17:32 | Create | Villager (Male) |
| 17:33 | Create | Villager (Male) |
| 17:39 | Build | House |
| 17:45 | Create | Archer |
| 17:46 | Create | Archer |
| 17:48 | Create | Archer |
| 18:13 | Build | Farm |
| 18:18 | Build | Mining Camp |
| 18:26 | Build | House |
| 18:29 | Create | Archer |
| 18:29 | Create | Archer |
| 18:38 | Create | Villager (Male) |
| 18:38 | Create | Villager (Male) |
| 18:52 | Research | Castle Age |
| 19:05 | Build | Farm |
| 19:57 | Create | Archer |
| 20:01 | Build | Archery Range |
| 20:04 | Research | Padded Archer Armor |
| 20:20 | Build | House |
| 20:24 | Create | Archer |
| 20:28 | Age | Castle Age |
| 20:39 | Build | Farm |
| 20:40 | Build | Farm |
| 21:08 | Build | Market |
| 21:20 | Create | Scorpion |
| 21:52 | Build | House |
| 22:07 | Create | Villager (Male) |
| 22:49 | Build | Siege Workshop |
| 22:53 | Research | Thumb Ring |
| 23:03 | Research | Bodkin Arrow |
| 23:04 | Research | Crossbowman (upgrade) |
| 23:10 | Create | Battering Ram |
| 23:33 | Create | Scorpion |
| 23:39 | Build | Farm |
| 23:43 | Create | Villager (Male) |
| 23:45 | Build | Farm |
| 23:54 | Create | Villager (Male) |
| 23:58 | Build | House |
| 24:05 | Create | Villager (Male) |
| 24:10 | Create | Mangonel |
| 24:31 | Build | House |
| 24:43 | Create | Villager (Male) |
| 25:01 | Create | Villager (Male) |
| 25:10 | Build | Lumber Camp |
Build order — Rhil98
First 150 of 224 actions detected
| 0:04 | Build | House |
| 0:06 | Build | House |
| 0:12 | Research | Loom |
| 0:24 | Create | Villager (Male) |
| 0:24 | Create | Villager (Male) |
| 0:26 | Create | Villager (Male) |
| 0:27 | Create | Villager (Male) |
| 0:27 | Create | Villager (Male) |
| 0:49 | Create | Villager (Male) |
| 1:06 | Create | Villager (Male) |
| 1:06 | Create | Villager (Male) |
| 1:35 | Create | Villager (Male) |
| 1:36 | Build | Mill |
| 2:09 | Create | Villager (Male) |
| 2:09 | Create | Villager (Male) |
| 3:24 | Build | House |
| 3:28 | Build | House |
| 3:38 | Create | Villager (Male) |
| 3:50 | Create | Villager (Male) |
| 3:58 | Create | Villager (Male) |
| 4:04 | Create | Villager (Male) |
| 4:04 | Create | Villager (Male) |
| 4:05 | Create | Villager (Male) |
| 4:44 | Build | Lumber Camp |
| 5:06 | Create | Villager (Male) |
| 6:02 | Build | House |
| 6:09 | Create | Villager (Male) |
| 6:28 | Build | House |
| 6:45 | Research | Feudal Age |
| 6:54 | Build | House |
| 7:06 | Build | House |
| 7:18 | Create | Villager (Male) |
| 7:35 | Build | Palisade Gate |
| 7:40 | Build | House |
| 7:45 | Build | Palisade Wall |
| 7:48 | Build | House |
| 7:50 | Build | Palisade Wall |
| 7:56 | Create | Villager (Male) |
| 8:22 | Create | Villager (Male) |
| 8:57 | Age | Feudal Age |
| 9:02 | Research | Double-Bit Axe |
| 9:06 | Create | Villager (Male) |
| 9:25 | Create | Villager (Male) |
| 9:44 | Build | Mining Camp |
| 9:58 | Build | Barracks |
| 10:15 | Create | Villager (Male) |
| 10:20 | Create | Villager (Male) |
| 10:36 | Create | Villager (Male) |
| 10:55 | Create | Spearman |
| 11:08 | Create | Villager (Male) |
| 11:11 | Build | Archery Range |
| 11:26 | Create | Villager (Male) |
| 11:32 | Build | Watch Tower |
| 11:40 | Create | Villager (Male) |
| 11:59 | Build | Farm |
| 11:59 | Build | Farm |
| 12:00 | Build | Farm |
| 12:00 | Build | Farm |
| 12:00 | Build | Farm |
| 12:07 | Create | Archer |
| 12:07 | Create | Archer |
| 12:37 | Create | Villager (Male) |
| 12:50 | Build | Mining Camp |
| 12:57 | Create | Skirmisher |
| 13:02 | Build | Farm |
| 13:15 | Build | Farm |
| 13:29 | Build | House |
| 13:34 | Build | House |
| 13:37 | Build | Palisade Wall |
| 13:42 | Build | House |
| 13:52 | Build | Farm |
| 13:59 | Build | House |
| 14:02 | Build | House |
| 14:04 | Create | Villager (Male) |
| 14:08 | Create | Villager (Male) |
| 14:12 | Build | Farm |
| 14:24 | Create | Archer |
| 14:24 | Create | Archer |
| 14:30 | Build | Blacksmith |
| 14:34 | Create | Villager (Male) |
| 14:53 | Create | Villager (Male) |
| 14:55 | Create | Archer |
| 14:55 | Create | Archer |
| 15:12 | Build | Farm |
| 15:24 | Create | Villager (Male) |
| 15:37 | Build | Watch Tower |
| 15:41 | Create | Villager (Male) |
| 15:43 | Create | Skirmisher |
| 15:52 | Create | Villager (Male) |
| 15:59 | Create | Archer |
| 15:59 | Create | Archer |
| 16:12 | Build | House |
| 16:14 | Build | House |
| 16:19 | Build | Farm |
| 16:20 | Create | Skirmisher |
| 16:48 | Create | Villager (Male) |
| 16:53 | Build | Archery Range |
| 17:19 | Create | Skirmisher |
| 17:28 | Create | Skirmisher |
| 17:29 | Research | Fletching |
| 17:50 | Create | Skirmisher |
| 17:57 | Build | Lumber Camp |
| 18:09 | Create | Skirmisher |
| 18:18 | Create | Villager (Male) |
| 18:32 | Build | Farm |
| 18:55 | Build | Farm |
| 18:55 | Research | Horse Collar |
| 18:57 | Research | Wheelbarrow |
| 19:21 | Create | Skirmisher |
| 19:21 | Create | Skirmisher |
| 19:30 | Create | Archer |
| 20:04 | Create | Villager (Male) |
| 20:12 | Build | Market |
| 20:15 | Create | Villager (Male) |
| 20:17 | Research | Town Watch |
| 20:38 | Build | Watch Tower |
| 20:42 | Build | Watch Tower |
| 20:45 | Create | Archer |
| 20:46 | Create | Archer |
| 20:50 | Create | Villager (Male) |
| 21:44 | Build | Palisade Wall |
| 21:45 | Build | Palisade Wall |
| 21:46 | Build | Palisade Wall |
| 21:47 | Build | Palisade Wall |
| 21:47 | Build | Palisade Wall |
| 22:01 | Build | Farm |
| 22:01 | Build | Farm |
| 22:01 | Build | Farm |
| 22:08 | Research | Castle Age |
| 22:38 | Build | Watch Tower |
| 22:48 | Build | Stable |
| 23:39 | Build | Palisade Wall |
| 23:40 | Build | Palisade Wall |
| 23:40 | Build | Palisade Wall |
| 23:40 | Build | Palisade Wall |
| 23:41 | Build | Palisade Wall |
| 23:41 | Build | Palisade Wall |
| 23:41 | Build | Palisade Wall |
| 23:42 | Build | Palisade Wall |
| 23:42 | Build | Palisade Wall |
| 24:02 | Create | Skirmisher |
| 24:02 | Create | Skirmisher |
| 24:08 | Create | Villager (Male) |
| 24:11 | Create | Scout Cavalry |
| 24:11 | Create | Scout Cavalry |
| 24:47 | Build | Mining Camp |
| 24:48 | Age | Castle Age |
| 24:52 | Create | Knight |
| 25:23 | Build | Stable |
| 25:25 | Create | Knight |
Match timeline
| 7:14 | TheMangledBadger · wall_segment Palisade Wall x4 |
| 7:45 | Rhil98 · wall_segment Palisade Wall x3 |
| 7:50 | Rhil98 · wall_segment Palisade Wall x1 |
| 8:57 | Rhil98 · age_up feudal |
| 9:07 | TheMangledBadger · wall_segment Palisade Wall x1 |
| 9:10 | TheMangledBadger · wall_segment Palisade Wall x1 |
| 9:47 | TheMangledBadger · first_building Barracks |
| 9:52 | TheMangledBadger · age_up feudal |
| 9:58 | Rhil98 · first_building Barracks |
| 10:31 | TheMangledBadger · first_building Archery Range |
| 11:11 | Rhil98 · first_building Archery Range |
| 13:37 | Rhil98 · wall_segment Palisade Wall x7 |
| 20:28 | TheMangledBadger · age_up castle |
| 21:12 | Rhil98 · first_market_buy 100 food |
| 21:15 | Rhil98 · first_market_sell 100 wood |
| 21:44 | Rhil98 · wall_segment Palisade Wall x3 |
| 21:45 | Rhil98 · wall_segment Palisade Wall x2 |
| 21:46 | Rhil98 · wall_segment Palisade Wall x3 |
| 21:47 | Rhil98 · wall_segment Palisade Wall x1 |
| 21:47 | Rhil98 · wall_segment Palisade Wall x1 |
| 22:48 | Rhil98 · first_building Stable |
| 22:49 | TheMangledBadger · first_building Siege Workshop |
| 22:58 | TheMangledBadger · first_market_sell 100 wood |
| 23:39 | Rhil98 · wall_segment Palisade Wall x3 |
| 23:40 | Rhil98 · wall_segment Palisade Wall x2 |
| 23:40 | Rhil98 · wall_segment Palisade Wall x2 |
| 23:40 | Rhil98 · wall_segment Palisade Wall x2 |
| 23:41 | Rhil98 · wall_segment Palisade Wall x1 |
| 23:41 | Rhil98 · wall_segment Palisade Wall x1 |
| 23:41 | Rhil98 · wall_segment Palisade Wall x2 |
| 23:42 | Rhil98 · wall_segment Palisade Wall x1 |
| 23:42 | Rhil98 · wall_segment Palisade Wall x1 |
| 24:48 | Rhil98 · age_up castle |
| 26:14 | Rhil98 · first_building Monastery |
| 27:03 | TheMangledBadger · first_building Monastery |
| 27:57 | TheMangledBadger · wall_segment Palisade Wall x1 |
| 27:59 | TheMangledBadger · wall_segment Palisade Wall x1 |
| 28:05 | TheMangledBadger · wall_segment Palisade Wall x1 |
| 28:06 | TheMangledBadger · wall_segment Palisade Wall x1 |
| 32:25 | TheMangledBadger · first_market_buy 100 stone |
| 32:53 | TheMangledBadger · first_building Castle |
| 33:42 | TheMangledBadger · resign |
[ AI ANALYSIS · 1 CREDIT ]
What really happened in this match?
Wolo.gg analyzes every decision: build order, eco, micro, common mistakes by bracket. Personalized analysis on WhatsApp or Discord in 30 seconds.
Civ guide
Malay
Perfil
Jugador #775492